[Event "Early-Titled-Tuesday-Blitz-January-23-2024"]
[Site "Chess.com"]
[Date "2024.01.23"]
[Round "3"]
[White "Yushko_Olga"]
[Black "NLLO777"]
[Result "1-0"]
[WhiteElo "2168"]
[BlackElo "2524"]
[TimeControl "180+1"]
[EndTime "8:27:23 PST"]
[Termination "Yushko_Olga won by resignation"]

1. d4 Nf6 2. c4 c5 3. d5 b5 4. cxb5 a6 5. b6 d6 6. Nc3 g6 7.
e4 Bg7 8. Bd3 O-O 9. h3 Qxb6 10.
Nf3 Nbd7 11. O-O a5 12. Re1 Ba6 13. Bc2 Ne8 14. Rb1 Nc7 15. Bf4 Rfd8 16. e5 dxe5 17. Nxe5 Nxe5 18. Bxe5 Bxe5 19. Rxe5 e6 20. Qf3 Bb7 21.
Be4 f5 22. dxe6 Bxe4 23. Nxe4 Nxe6 24. Nf6+ Kg7 25. Nd5 Qd6 26. Rbe1 Re8 27. Nf4 Nd4 28. Qe3 Rxe5 29. Qxe5+ Qxe5 30. Rxe5 Rc8 31. Ne6+ Kf6 32. Rxc5 Rb8 33. Nxd4 Rxb2 34. Rxa5 Rd2 35. Nf3 Rc2 36.
Ra6+ Kg7 37. a4 h6 38. a5 g5 39. Nd4 Rc1+ 40. Kh2 f4 41. Nf5+ Kf7 42. Nxh6+ Ke7 43. Nf5+ Kf7 44. Nd6+ Kf6 45. Ne4+ Kf5 46. f3 Ke5 47. Nxg5 Rc2 48. Ne6 Rc6 49. Rxc6 1-0

[Event "Early-Titled-Tuesday-Blitz-January-23-2024"]
[Site "Chess.com"]
[Date "2024.01.23"]
[Round "3"]
[White "BogdanDeac"]
[Black "AvitalBor"]
[Result "1-0"]
[WhiteElo "3085"]
[BlackElo "2791"]
[TimeControl "180+1"]
[EndTime "8:27:24 PST"]
[Termination "BogdanDeac won by resignation"]

1. d4 Nf6 2. c4 g6 3. Nc3 d5 4. cxd5 Nxd5 5. Bd2 Nb6 6. e3 Bg7 7. h4 e5 8. dxe5 Nc6 9. Bb5 O-O 10. Bxc6 bxc6 11.
Nf3 Nc4 12. Qc2 Rb8 13. b3 Nxe5 14. Nxe5 Bxe5 15. Rd1 Bg4 16. Ne2 Qe7 17. f3 Be6 18. Kf2 Rfd8 19. h5 Rb5 20. hxg6 hxg6 21. Bc3 Rxd1 22. Qxd1 Bxc3 23. Nxc3 Rh5 24. Rxh5 gxh5 25. Qd4 Qa3 26. Qd2 Bd5 27. Ne2 f6 28. Qc2 Bf7 29.
Ng3 Qd6 30. Ne4 Qe6 31. Qc5 Kg7 32. Qxa7 Qe5 33. Qd4 1-0

[Event "Early-Titled-Tuesday-Blitz-January-23-2024"]
[Site "Chess.com"]
[Date "2024.01.23"]
[Round "3"]
[White "GameOverBro"]
[Black "salomez"]
[Result "1-0"]
[WhiteElo "2555"]
[BlackElo "2298"]
[TimeControl "180+1"]
[EndTime "8:27:24 PST"]
[Termination "GameOverBro won by resignation"]

1. e4 c5 2. Ne2 Nc6 3. Nbc3 e6 4. g3 d5 5. exd5 exd5 6. d4 Nf6 7. Bg2 Be6 8. h3 Be7 9. Be3 c4 10. Nf4 O-O 11.
a3 b5 12. O-O Rb8 13. Re1 Qd7 14. g4 h6 15. Qf3 Rfd8 16. Nxe6 fxe6 17. h4 Rf8 18. Qg3 a5 19. Bh3 Bd6 20. Qg2 b4 21.
axb4 axb4 22. Ne2 Ne4 23. f3 Nf6 24. g5 hxg5 25. hxg5 Nh5 26. Qg4 Qf7 27. Qxe6 Rbe8 28. Qxf7+ Rxf7 29. Kf2 Nf4 30. Bxf4 Bxf4 31. Nxf4 Rxe1 32.
Ra8+ Kh7 33. g6+ Kh6 34. gxf7 1-0

[Event "Early-Titled-Tuesday-Blitz-January-23-2024"]
[Site "Chess.com"]
[Date "2024.01.23"]
[Round "3"]
[White "hmatyi07"]
[Black "N4700000"]
[Result "1-0"]
[WhiteElo "2189"]
[BlackElo "2399"]
[TimeControl "180+1"]
[EndTime "8:27:26 PST"]
[Termination "hmatyi07 won by checkmate"]

1. e4 e6 2. d4 d5 3. exd5 exd5 4.
Nf3 Nc6 5. Bd3 Nb4 6. O-O Nxd3 7. Qxd3 Bd6 8. Nc3 c6 9. Bg5 f6 10. Rfe1+ Ne7 11. Bh4 O-O 12. Bg3 Bf5 13. Qd2 Ng6 14.
Re2 Bb4 15. Rae1 Qa5 16. h4 h5 17. a3 Bxc3 18. bxc3 Qxa3 19. Nh2 a5 20. Nf1 a4 21.
Ne3 Bd7 22. Qd3 Kf7 23. Nf5 Bxf5 24. Qxf5 Rfe8 25. Qd7+ Re7 26. Rxe7+ Nxe7 27. Bd6 Qxc3 28. Rxe7+ Kg6 29. Rxg7+ Kh6 30. Rh7+ Kg6 31. Qf7+ Kf5 32.
Qxh5+ Ke6 33. Qf7+ Kxd6 34. Qc7+ Ke6 35. Qd7# 1-0

[Event "Early-Titled-Tuesday-Blitz-January-23-2024"]
[Site "Chess.com"]
[Date "2024.01.23"]
[Round "3"]
[White "C_K_G"]
[Black "Shivananda1964"]
[Result "0-1"]
[WhiteElo "2093"]
[BlackElo "2358"]
[TimeControl "180+1"]
[EndTime "8:27:26 PST"]
[Termination "Shivananda1964 won on time"]

1. e4 Nc6 2. Nf3 e5 3. Bc4 Nf6 4. Ng5 d5 5. exd5 b5 6. Bf1 Nd4 7. c3 Nxd5 8. cxd4 Qxg5 9. Bxb5+ Kd8 10. Qf3 Bb7 11. O-O Bd6 12. dxe5 Qxe5 13. g3 Rb8 14. d4 Qe6 15. Bc4 Re8 16. Bg5+ f6 17. Bd2 g5 18. Qb3 Qe4 19. Bxd5 Bxd5 20. Qxb8+ Kd7 21. Qxe8+ Qxe8 22. Bc3 Qe4 23. f3 Qe3+ 24. Kg2 Qe2+ 25. Rf2 Bxf3+ 26. Kg1 Qd1+ 27. Rf1 Qd3 28. Na3 Bd5 29. Rad1 Qe4 0-1

[Event "Early-Titled-Tuesday-Blitz-January-23-2024"]
[Site "Chess.com"]
[Date "2024.01.23"]
[Round "3"]
[White "soloderisas"]
[Black "yaguigor"]
[Result "1-0"]
[WhiteElo "2467"]
[BlackElo "2617"]
[TimeControl "180+1"]
[EndTime "8:27:27 PST"]
[Termination "soloderisas won on time"]

1. d4 d5 2. Nf3 Nf6 3. Bf4 c5 4. e3 Nc6 5. c3 Qb6 6. Na3 a6 7. Qb3 Qa7 8. dxc5 Qxc5 9. Be2 b5 10. O-O Bg4 11. h3 Bh5 12. g4 Bg6 13. Nxb5 axb5 14. Bxb5 Nd7 15. Nd4 Nd8 16. a4 e6 17. a5 Bd6 18. Qa4 Ra7 19. b4 Qc7 20. Bxd7+ Qxd7 21. Bxd6 Qxa4 22. Rxa4 Nb7 23. Nb5 Nxd6 24. Nxa7 Kd7 25. b5 Bd3 26. b6 Bxf1 27. Kxf1 Ra8 28. Ke2 e5 29. f3 Nb7 30. Ra3 Nc5 31. Nb5 Kc6 32. Nc7 Rd8 33. a6 1-0

[Event "Early-Titled-Tuesday-Blitz-January-23-2024"]
[Site "Chess.com"]
[Date "2024.01.23"]
[Round "3"]
[White "AyMitecK"]
[Black "SHIVACalypso"]
[Result "1-0"]
[WhiteElo "2628"]
[BlackElo "2439"]
[TimeControl "180+1"]
[EndTime "8:27:28 PST"]
[Termination "AyMitecK won by resignation"]

1. e4 e6 2. Qe2 g6 3. h4 h5 4. Nf3 Bg7 5. d4 c5 6. dxc5 Qa5+ 7. Bd2 Qxc5 8. Bc3 Bxc3+ 9. Nxc3 Nc6 10. Qb5 d6 11.
Qxc5 dxc5 12. Nb5 Ke7 13. O-O-O Nf6 14. Ng5 Ng4 15. Rd2 f6 16. Nh3 a6 17. Nd6 Nd4 18.
Nxc8+ Raxc8 19. f3 Ne5 20. c3 Ndc6 21. Be2 Rhd8 22.
Rhd1 Rxd2 23. Rxd2 Rd8 24. f4 Ng4 25. Bxg4 hxg4 26.
Nf2 f5 27. Rxd8 Nxd8 28. g3 Nc6 29. Kc2 e5 30. exf5 gxf5 31. Nd3 c4 32. Nxe5 Nxe5 33. fxe5 f4 34. Kd2 f3 35. h5 Ke6 36. h6 Kxe5 37.
h7 f2 38. Ke2 Ke4 39. Kxf2 1-0

[Event "Early-Titled-Tuesday-Blitz-January-23-2024"]
[Site "Chess.com"]
[Date "2024.01.23"]
[Round "3"]
[White "KetiTsatsalashvili"]
[Black "AsterPhoenix"]
[Result "1-0"]
[WhiteElo "2420"]
[BlackElo "2572"]
[TimeControl "180+1"]
[EndTime "8:27:29 PST"]
[Termination "KetiTsatsalashvili won by resignation"]

1. d4 d5 2. Nf3 Nf6 3. e3 e6 4.
Bd3 Bd6 5. O-O Nbd7 6. b3 b6 7. Bb2 Bb7 8. Ne5 Bxe5 9. dxe5 Ne4 10. Nd2 Nxd2 11. Qxd2 Qe7 12. a4 a6 13. Ba3 c5 14.
f4 O-O 15. Qe2 f5 16. exf6 Nxf6 17. Bb2 Rad8 18. Be5 a5 19. Rf3 Rf7 20. Rh3 g6 21.
Rf1 Nd7 22. Bb2 e5 23. e4 dxe4 24. Bc4 Rf8 25. fxe5 Nxe5 26. Bxe5 Qxe5 27. Bxf7+ Rxf7 28. Rxf7 Kxf7 29. Rxh7+ Kg8 30. Rxb7 Qd4+ 31. Qf2 Qd1+ 32. Qf1 Qd4+ 33. Kh1 1-0

[Event "Early-Titled-Tuesday-Blitz-January-23-2024"]
[Site "Chess.com"]
[Date "2024.01.23"]
[Round "3"]
[White "Gennady_Kozlov"]
[Black "deribas12345"]
[Result "1-0"]
[WhiteElo "2651"]
[BlackElo "2473"]
[TimeControl "180+1"]
[EndTime "8:27:30 PST"]
[Termination "Gennady_Kozlov won by resignation"]

1. b3 Nf6 2. Bb2 g6 3. e3 Bg7 4. f4 O-O 5. Nf3 d6 6. Be2 c5 7. O-O Nc6 8. a4 Be6 9. Na3 Rc8 10. Bc4 d5 11. Bb5 a6 12. Bxc6 Rxc6 13. Ne5 Rc8 14. Qe2 Ng4 15. h3 Nxe5 16. Bxe5 Bxe5 17. fxe5 Qc7 18.
d4 cxd4 19. exd4 Bf5 20. c4 Qb6 21. Qe3 Be4 22. c5 Qb4 23. Rfc1 f6 24. Nc2 Qa5 25. b4 Qc7 26. exf6 Rxf6 27. Na3 Rf3 28. Qg5 Rxa3 29. Rxa3 Rf8 30. Qg3 Qd7 31. Rf1 Rxf1+ 32. Kxf1 Qf5+ 33. Qf2 Qg5 34. Ra1 e5 35. dxe5 Qxe5 36. Re1 Qc3 37.
b5 axb5 38. axb5 Qc4+ 39. Kg1 Qxb5 40. Rf1 Qe8 41. Qf6 Bf5 42. Qd6 Qe3+ 43. Kh2 d4 44.
Qb8+ Kg7 45. Qxb7+ Kh6 46. Qf3 Qc3 47. Qxc3 dxc3 48.
Rc1 c2 49. c6 Kg5 50. c7 h5 51. Rxc2 1-0

[Event "Early-Titled-Tuesday-Blitz-January-23-2024"]
[Site "Chess.com"]
[Date "2024.01.23"]
[Round "3"]
[White "sofaceindisguise"]
[Black "Heinza9"]
[Result "1-0"]
[WhiteElo "2699"]
[BlackElo "2309"]
[TimeControl "180+1"]
[EndTime "8:27:30 PST"]
[Termination "sofaceindisguise won on time"]

1. e4 e5 2. Nf3 Nc6 3. Bc4 Nf6 4. d3 d5 5. exd5 Nxd5 6. O-O Nb6 7. Bb5 Bd6 8. Re1 f6 9. h3 O-O 10. Nc3 Nd4 11. Nxd4 exd4 12. Ne4 a6 13. Bc4+ Nxc4 14. dxc4 c5 15. Qf3 Be7 16. Bf4 f5 17. Nd2 Bf6 18. Qg3 Qb6 19. b3 Bd7 20. Nf3 Rfe8 21. Ne5 Bc6 22. f3 Rad8 23. Nd3 Rxe1+ 24. Rxe1 Re8 25.
Rxe8+ Bxe8 26. Bd6 Qa5 27. Bxc5 Qd8 28. a4 b6 29. Bd6 b5 30. axb5 axb5 31. c5 Qd7 32. Be5 Bxe5 33. Qxe5 Bf7 34. Nb4 g6 35. c6 Qd8 36. c7 Qd7 37. Qc5 Qc8 38. Nc6 d3 39. Ne7+ 1-0

[Event "Early-Titled-Tuesday-Blitz-January-23-2024"]
[Site "Chess.com"]
[Date "2024.01.23"]
[Round "3"]
[White "GoltsevDmitry2000"]
[Black "tandaleo"]
[Result "0-1"]
[WhiteElo "2808"]
[BlackElo "2534"]
[TimeControl "180+1"]
[EndTime "8:27:31 PST"]
[Termination "tandaleo won by checkmate"]

1. e4 e5 2. Nf3 Nc6 3. Bb5 a6 4. Ba4 d6 5. O-O Bd7 6. c3 Nge7 7. d4 Ng6 8. dxe5 Ncxe5 9. Nxe5 dxe5 10. Bxd7+ Qxd7 11. Qxd7+ Kxd7 12. Rd1+ Ke6 13. Be3 Be7 14. Nd2 Rhd8 15. Nc4 b6 16. a4 a5 17. g3 f6 18. Kf1 Nh8 19. f4 g6 20. g4 exf4 21. Bxf4 Rxd1+ 22. Rxd1 Rc8 23. Ne3 Nf7 24. Nc2 Bd6 25. Nd4+ Ke7 26. Nc6+ Ke6 27. Bxd6 Nxd6 28. Rd4 Kd7 29. Na7 Re8 30. Nb5 Rxe4 31. Kf2 Rxd4 32. Nxd4 c5 33. Nf3 Ke6 34. Ke3 Nc4+ 35. Ke4 Nxb2 36.
g5 f5+ 37. Ke3 Nxa4 38. Kd3 Nb2+ 39. Kc2 Nc4 40. Kb3 Ne5 41. Nd2 b5 42. h4 f4 43. Ne4 f3 44. Nxc5+ Kf5 45. h5 f2 46. hxg6 hxg6 47. c4 f1=Q 48. cxb5 Qxb5+ 49. Kc3 Qxc5+ 50. Kd2 Qd4+ 51. Ke2 Qd3+ 52. Kf2 a4 53. Kg2 a3 54. Kf2 a2 55. Kg2 a1=Q 56. Kh2 Ng4+ 57. Kg2 Qaf1# 0-1

[Event "Early-Titled-Tuesday-Blitz-January-23-2024"]
[Site "Chess.com"]
[Date "2024.01.23"]
[Round "3"]
[White "Barmen_EV"]
[Black "Kostukov_Alex"]
[Result "0-1"]
[WhiteElo "2507"]
[BlackElo "2302"]
[TimeControl "180+1"]
[EndTime "8:27:31 PST"]
[Termination "Kostukov_Alex won by checkmate"]

1. e4 c5 2. c3 g6 3. d4 cxd4 4. cxd4 d5 5. exd5 Nf6 6. Nc3 Nxd5 7. Nf3 Bg7 8. Bc4 Nxc3 9. bxc3 O-O 10. O-O Qc7 11.
Qb3 Nc6 12. Bxf7+ Rxf7 13. Ng5 e6 14. Nxf7 Qxf7 15. Re1 Na5 16. Qb5 b6 17. d5 Bd7 18.
Qb4 exd5 19. Re7 Qf5 20. Qd6 Rf8 21. Be3 Bc8 22. Qc7 Bf6 23. Rxh7 Nc4 24. Rf1 Be5 25.
Qxa7 Nxe3 26. Rh4 Rf7 27. Qxb6 Nxf1 28. Qd8+ Rf8 29. Qb6 d4 30. Qb2 dxc3 31. Qb3+ Be6 32. Qb6 Qxf2+ 33. Qxf2 Rxf2 34. Kxf2 c2 35. Kxf1 c1=Q+ 36.
Kf2 Qd2+ 37. Kf3 Bd5+ 38. Kg4 Qxg2# 0-1

[Event "Early-Titled-Tuesday-Blitz-January-23-2024"]
[Site "Chess.com"]
[Date "2024.01.23"]
[Round "3"]
[White "aghasiyevkamal"]
[Black "atalz0"]
[Result "1-0"]
[WhiteElo "2644"]
[BlackElo "2457"]
[TimeControl "180+1"]
[EndTime "8:27:32 PST"]
[Termination "aghasiyevkamal won by resignation"]

1. e4 d5 2. exd5 Nf6 3. d4 Nxd5 4. c4 Nb6 5. c5 Nd5 6. Bc4 c6 7. Nf3 Bg4 8. Qb3 Bxf3 9. Qxf3 e6 10. O-O Be7 11. Nc3 O-O 12. Ne4 Nd7 13. Be3 N7f6 14. Rfd1 Nxe4 15. Qxe4 Qd7 16. Bxd5 exd5 17. Qd3 Rfe8 18.
Bf4 b6 19. b4 Bd8 20. Rac1 b5 21. Qg3 a5 22. a3 Bf6 23. h3 axb4 24. axb4 Ra4 25.
Rb1 Re4 26. Re1 Qe6 27. Rxe4 Qxe4 28. Bg5 Bxg5 29. Qb8+ 1-0

[Event "Early-Titled-Tuesday-Blitz-January-23-2024"]
[Site "Chess.com"]
[Date "2024.01.23"]
[Round "3"]
[White "Egorov_Pavel"]
[Black "DrCeltic"]
[Result "1-0"]
[WhiteElo "2502"]
[BlackElo "2613"]
[TimeControl "180+1"]
[EndTime "8:27:33 PST"]
[Termination "Egorov_Pavel won by resignation"]

1. d4 d5 2. c4 c6 3. Nc3 Nf6 4. Nf3 dxc4 5. a4 Bf5 6. e3 e6 7.
Bxc4 Bb4 8. O-O Nbd7 9. Qe2 Bg6 10. e4 O-O 11. Bd3 Bh5 12. e5 Nd5 13. Nxd5 cxd5 14. Qe3 Be7 15. Ng5 Bxg5 16. Qxg5 Qxg5 17. Bxg5 Rfc8 18.
Rfc1 Kf8 19. a5 h6 20. Be3 a6 21. h3 Bg6 22. Be2 Ke8 23. g4 Kd8 24. h4 Bc2 25. g5 hxg5 26. Bxg5+ Ke8 27. h5 Rc7 28. Ra3 Rac8 29.
Rg3 Be4 30. Rxc7 Rxc7 31. Be3 Kf8 32. h6 gxh6 33. Bxh6+ Ke7 34. Bh5 Nf8 35. Rg7 Bg6 36.
Bg5+ Ke8 37. Bf3 Be4 38. Bxe4 dxe4 39. Rg8 Rc8 40. Bh6 Ke7 41. Bxf8+ Rxf8 42. Rxf8 Kxf8 43. Kf1 f5 44. exf6 Kf7 45. Ke2 Kxf6 46. Ke3 Kf5 47. b3 Kf6 48. Kxe4 Ke7 49. Ke5 Kd7 50. f3 Ke7 51. f4 Kd7 52. d5 exd5 53. Kxd5 Ke7 54.
Kc5 Kd7 55. Kb6 Kc8 56. f5 Kd7 57. f6 1-0

[Event "Early-Titled-Tuesday-Blitz-January-23-2024"]
[Site "Chess.com"]
[Date "2024.01.23"]
[Round "3"]
[White "BashiqChess"]
[Black "R2D2PTY"]
[Result "1-0"]
[WhiteElo "2466"]
[BlackElo "2252"]
[TimeControl "180+1"]
[EndTime "8:27:35 PST"]
[Termination "BashiqChess won by checkmate"]

1. b3 Nf6 2. Bb2 e6 3. Nf3 d5 4. c4 Be7 5. e3 O-O 6. Nc3 dxc4 7. Bxc4 c5 8. O-O b6 9. d4 cxd4 10. Nxd4 Bb7 11. Ndb5 Nbd7 12. Rc1 Qb8 13. Be2 a6 14. Nd4 Rd8 15. Bf3 Ne5 16. Bxb7 Qxb7 17. Qe2 Bd6 18. f4 Ng6 19. Qf3 Qxf3 20. gxf3 Bc5 21. Na4 Nd5 22. Nxc5 bxc5 23. Rxc5 Nxe3 24. Re1 Nd5 25.
f5 Ngf4 26. fxe6 Nd3 27. e7 Re8 28. Rxd5 Nxe1 29. Nf5 Nxf3+ 30. Kg2 Ne1+ 31. Kf2 Nc2 32.
Bxg7 Nb4 33. Rd7 Nc6 34. Bf6 Ra7 35. Nh6# 1-0

[Event "Early-Titled-Tuesday-Blitz-January-23-2024"]
[Site "Chess.com"]
[Date "2024.01.23"]
[Round "3"]
[White "ExchangeAB"]
[Black "HanSchut"]
[Result "1/2-1/2"]
[WhiteElo "2435"]
[BlackElo "2252"]
[TimeControl "180+1"]
[EndTime "8:27:35 PST"]
[Termination "Game drawn by repetition"]

1. d4 Nf6 2. Nf3 g6 3. Nc3 d5 4.
Bf4 Bg7 5. e3 O-O 6. Be2 b6 7.
Ne5 Bb7 8. h4 h5 9. g4 Nxg4 10.
Bxg4 hxg4 11. Qxg4 Nc6 12. Nf3 Bc8 13. Qg3 Bf5 14. h5 Nb4 15. O-O-O Bxc2 16. h6 Bf6 17. h7+ Kh8 18. Rdg1 Be4 19. a3 Nd3+ 20. Kd2 Nxb2 21. Rh6 Nc4+ 22. Ke1 Bg7 23. Nxe4 Bxh6 24. Bxh6 dxe4 25.
Ng5 Qd6 26. Qh4 Qxa3 27. Rh1 Qd3 28. Nxe4 Nb2 29. Nd2 Qc2 30. Ke2 Qd3+ 31. Ke1 Qc2 32. Ke2 Qd3+ 33. Ke1 1/2-1/2

[Event "Early-Titled-Tuesday-Blitz-January-23-2024"]
[Site "Chess.com"]
[Date "2024.01.23"]
[Round "3"]
[White "dhammiko"]
[Black "Piotrek1979"]
[Result "0-1"]
[WhiteElo "2150"]
[BlackElo "2402"]
[TimeControl "180+1"]
[EndTime "8:27:35 PST"]
[Termination "Piotrek1979 won by resignation"]

1. g3 d5 2. Bg2 Nf6 3. d3 e5 4.
Nc3 h6 5. e4 c6 6. Nf3 Be7 7.
Nxe5 d4 8. Ne2 Qa5+ 9. Bd2 Qxe5 10. O-O c5 11. f4 Qc7 12. e5 Ng4 13. h3 Ne3 14. Bxe3 dxe3 15. Nc3 Qd8 16. Qe2 Nc6 17.
Bxc6+ bxc6 18. Ne4 Bxh3 19. f5 Bxf1 20. Rxf1 Bg5 21.
Nd6+ Kf8 22. Qh5 Qc7 23. e6 Rd8 24. Ne4 Rd4 25. f6 Rxe4 26. dxe4 Qxg3+ 27. Kh1 Qh4+ 28. Qxh4 Bxh4 29. e7+ Ke8 30. Rd1 gxf6 31. Rd8+ Kxe7 32.
Rxh8 e2 0-1

[Event "Early-Titled-Tuesday-Blitz-January-23-2024"]
[Site "Chess.com"]
[Date "2024.01.23"]
[Round "3"]
[White "GMJustin"]
[Black "SulfatoFerroso"]
[Result "1-0"]
[WhiteElo "2345"]
[BlackElo "2006"]
[TimeControl "180+1"]
[EndTime "8:27:35 PST"]
[Termination "GMJustin won by checkmate"]

1. e4 c5 2. Nf3 e6 3. d4 cxd4 4.
Nxd4 Nc6 5. Nc3 Qc7 6. f4 a6 7.
Nxc6 bxc6 8. Bd3 d5 9. Qf3 Nf6 10. O-O Bb7 11. b3 c5 12. Re1 c4 13. bxc4 dxc4 14.
Bf1 Bb4 15. Rb1 O-O 16. Kh1 Ba5 17. Bb2 Rad8 18. Qe3 Ng4 19. Qg3 h5 20. h3 Nf6 21.
Nd5 exd5 22. Bxf6 g6 23. Bxd8 Rxd8 24. Red1 d4 25. Bxc4 Qxc4 26. Rxb7 Qxc2 27. Rg1 d3 28. Qg5 d2 29. Qf6 d1=Q 30. Qxf7+ Kh8 31. Qh7# 1-0

[Event "Early-Titled-Tuesday-Blitz-January-23-2024"]
[Site "Chess.com"]
[Date "2024.01.23"]
[Round "3"]
[White "Akylbek2021"]
[Black "MikaelyanArman"]
[Result "0-1"]
[WhiteElo "2259"]
[BlackElo "2843"]
[TimeControl "180+1"]
[EndTime "8:27:36 PST"]
[Termination "MikaelyanArman won on time"]

1. Nf3 d5 2. b3 Bg4 3. e3 Nd7 4.
Bb2 Ngf6 5. h3 Bh5 6. Be2 e6 7. Ne5 Bxe2 8. Qxe2 Nxe5 9. Bxe5 Bd6 10. Bxd6 Qxd6 11.
O-O O-O 12. d3 a5 13. a4 e5 14. Nd2 Rfe8 15. e4 c6 16. Rfe1 Rad8 17. Nf3 Qc5 18.
Rad1 dxe4 19. dxe4 g6 20. g3 Kg7 21. Rd3 Rxd3 22.
Qxd3 Qb4 23. Nd2 b5 24. axb5 cxb5 25. c4 Re6 26. Nf3 bxc4 27. Qxc4 Qxc4 28. bxc4 Nd7 29. Ra1 Ra6 30. Kf1 a4 31. Ra3 f6 32. Ke2 Nc5 33.
Nd2 Rb6 34. f3 Rb2 35. Ke3 Kf7 36. h4 h5 37. g4 Ke6 38. gxh5 gxh5 39. Ra1 Rxd2 0-1

[Event "Early-Titled-Tuesday-Blitz-January-23-2024"]
[Site "Chess.com"]
[Date "2024.01.23"]
[Round "3"]
[White "mac0504"]
[Black "IlanSchnaider"]
[Result "1-0"]
[WhiteElo "2574"]
[BlackElo "2795"]
[TimeControl "180+1"]
[EndTime "8:27:37 PST"]
[Termination "mac0504 won by resignation"]

1. c4 Nf6 2. Nc3 g6 3. g3 Bg7 4. Bg2 O-O 5. Nf3 d5 6. cxd5 Nxd5 7. O-O Nc6 8. Qa4 e5 9. Nxd5 Qxd5 10. d3 Bg4 11.
Qxg4 Rad8 12. Be3 Qb5 13. Rab1 Nb4 14. a3 Nd5 15. Bd2 Nf6 16. Qb4 Qd5 17. Ng5 Qd7 18. Qxb7 h6 19. Ne4 Nh5 20. Rfc1 Rc8 21. Qc6 Qd8 22.
Nc5 Re8 23. Nb7 Qe7 24. Bb4 Qg5 25. Rc4 Re6 26. Qf3 e4 27. Rxe4 Rf6 28. Qg4 Qxg4 29. Rxg4 Rb6 30. Rc4 Nf6 31. Nc5 Ne8 32. Ne4 Rd8 33.
Bc3 f5 34. Bxg7 fxe4 35. Bd4 Rbd6 36. Bc5 R6d7 37. Bxe4 Nf6 38. Bxg6 Kg7 39. Bf5 Rd5 40. Be6 Re5 41. Bg4 Rxc5 42. Rxc5 Nxg4 43. Rxc7+ Rd7 44. Rxd7+ 1-0

[Event "Early-Titled-Tuesday-Blitz-January-23-2024"]
[Site "Chess.com"]
[Date "2024.01.23"]
[Round "3"]
[White "lefonghua"]
[Black "Jojo_898"]
[Result "1-0"]
[WhiteElo "2633"]
[BlackElo "2449"]
[TimeControl "180+1"]
[EndTime "8:27:37 PST"]
[Termination "lefonghua won by resignation"]

1. d4 Nf6 2. c4 e6 3. Nc3 b6 4. e4 Bb4 5. f3 O-O 6. Bd3 d5 7. cxd5 exd5 8. e5 Nh5 9. Ne2 c5 10.
Be3 Nc6 11. g4 cxd4 12. Nxd4 Nxd4 13. Bxd4 Nf4 14. O-O h5 15. Ne2 Nh3+ 16. Kg2 hxg4 17. f4 Bc5 18. Rc1 Qe7 19. a3 a5 20. Qd2 Bb7 21. Bb1 Rac8 22. Qd3 g6 23. Qg3 Ba6 24. Bxc5 bxc5 25. Qxg4 Rb8 26. Kxh3 Rxb2 27. Rc2 Bc8 28.
f5 Rb3+ 29. Ng3 Qxe5 30. Re2 Qd6 31. Qg5 Kg7 32. Kg2 Qf6 33. Nh5+ 1-0

[Event "Early-Titled-Tuesday-Blitz-January-23-2024"]
[Site "Chess.com"]
[Date "2024.01.23"]
[Round "3"]
[White "CrimeFightingSpider07"]
[Black "Ati1517"]
[Result "1-0"]
[WhiteElo "2480"]
[BlackElo "2231"]
[TimeControl "180+1"]
[EndTime "8:27:37 PST"]
[Termination "CrimeFightingSpider07 won by resignation"]

1. g3 e5 2. Bg2 d5 3. d4 exd4 4. Qxd4 c6 5. e4 Be6 6. exd5 cxd5 7. Nc3 Nc6 8. Qa4 Nf6 9. Bg5 Bc5 10. O-O-O O-O 11. Nxd5 Bxd5 12. Bxd5 Qe7 13. Bxc6 bxc6 14. Qxc6 Bxf2 15. Bxf6 gxf6 16. Nh3 Be3+ 17. Kb1 Rfc8 18. Qd7 Qc5 19. Qd3 Rab8 20. Nf4 Qe5 21. b3 Rc3 22. Qd6 Qxd6 23. Rxd6 Bxf4 24. gxf4 Rf3 25. Rxf6 Kg7 26. Rf5 Kg6 27. Rg5+ Kf6 28. Ra5 Rb7 29. Ra4 Kf5 30. Rc1 Rxf4 31. Rxf4+ Kxf4 32. c4 Ke4 33. c5 Kd5 34. Kb2 Rc7 35. b4 Rb7 36. Kb3 a5 37. a3 axb4 38. axb4 f5 39.
c6 Rc7 40. b5 Kd6 41. Kc4 f4 42. Rd1+ Ke5 43. Kc5 1-0

[Event "Early-Titled-Tuesday-Blitz-January-23-2024"]
[Site "Chess.com"]
[Date "2024.01.23"]
[Round "3"]
[White "vesalhamedinia"]
[Black "pirulillo"]
[Result "1-0"]
[WhiteElo "2505"]
[BlackElo "2274"]
[TimeControl "180+1"]
[EndTime "8:27:37 PST"]
[Termination "vesalhamedinia won by resignation"]

1. d4 Nf6 2. c4 g6 3. e3 Bg7 4.
Nf3 O-O 5. Nc3 d6 6. Be2 Nbd7 7. O-O e5 8. a3 e4 9. Nd2 Re8 10.
b4 Nf8 11. a4 a5 12. bxa5 c6 13. Ba3 h5 14. Qc2 Bf5 15. d5 c5 16. Rab1 Ra7 17.
Rb6 N8h7 18. Nb5 Rxa5 19. Rxd6 Qe7 20. Bxc5 Ng4 21. Bxg4 hxg4 22. Bb4 Qh4 23. Bxa5 Ng5 24. Bc3 Nf3+ 25. Nxf3 gxf3 26. gxf3 exf3 27. Qxf5 gxf5 28. Kh1 Bxc3 29. Nxc3 Kh7 30. Nb5 Rg8 31. Nd4 Rg2 32. Nxf3 Qh3 33. Rg1 Rxf2 34. Ng5+ 1-0

[Event "Early-Titled-Tuesday-Blitz-January-23-2024"]
[Site "Chess.com"]
[Date "2024.01.23"]
[Round "3"]
[White "PepeCuenca"]
[Black "Rud_Makarian"]
[Result "0-1"]
[WhiteElo "2718"]
[BlackElo "3016"]
[TimeControl "180+1"]
[EndTime "8:27:38 PST"]
[Termination "Rud_Makarian won on time"]

1. d4 Nf6 2. Bf4 c5 3. d5 b5 4. e4 Nxe4 5. Qf3 Qa5+ 6. Nd2 Nf6 7. c4 b4 8. Bd3 d6 9. Ne2 g6 10. O-O Bg7 11. Rfe1 O-O 12. a3 Na6 13. Ng3 Re8 14.
h3 Qc7 15. a4 Bb7 16. Bg5 Nd7 17. Rab1 Ne5 18. Qe2 e6 19. Be4 exd5 20. Bxd5 Bxd5 21. cxd5 c4 22. f4 h6 23. fxe5 Rxe5 24. Qxc4 Qxc4 25.
Nxc4 Rxg5 26. Ne4 Rxd5 27. Nexd6 Rd8 28. Nb5 Nc5 29. Nxa7 Nd3 30. Re7 Bd4+ 31. Kh2 Bf6 32. Nc6 Rc8 33. Nb6 Rxc6 34. Nxd5 Bxb2 0-1

[Event "Early-Titled-Tuesday-Blitz-January-23-2024"]
[Site "Chess.com"]
[Date "2024.01.23"]
[Round "3"]
[White "crazy_but_lazy"]
[Black "Balla_Tamas"]
[Result "1/2-1/2"]
[WhiteElo "2628"]
[BlackElo "2457"]
[TimeControl "180+1"]
[EndTime "8:27:39 PST"]
[Termination "Game drawn by repetition"]

1. d4 d5 2. Nf3 Nf6 3. Bf4 e6 4. e3 Bd6 5. Nbd2 O-O 6. Ne5 c5 7. c3 b6 8. Bd3 Ba6 9. Bc2 Qc7 10. Qf3 Nbd7 11. Nxd7 Qxd7 12. Bxd6 Qxd6 13. Qg3 Qc6 14. Qh4 cxd4 15. exd4 Qb5 16. O-O-O Rac8 17. g4 Qa5 18. g5 Ne4 19. Nxe4 dxe4 20. Bxe4 g6 21. Kb1 Bc4 22. a3 Qa4 23. Bc2 Qb5 24. Rhe1 Bd5 25. Re3 Qc4 26. Qh6 Rfd8 27. Rh3 Qa2+ 28. Kc1 Qa1+ 29. Kd2 Qxb2 30. Qxh7+ Kf8 31. Qh8+ Ke7 32. Qf6+ Kd6 33. Rb1 Qxa3 34. Qe5+ Kc6 35. c4 Qxh3 36. cxd5+ Rxd5 37. Be4 Kb7 38. Bxd5+ exd5 39. Qxd5+ Kb8 40. Qd6+ Ka8 41. Qd5+ Kb8 42. Qe5+ Ka8 43. Qd5+ Kb8 1/2-1/2

[Event "Early-Titled-Tuesday-Blitz-January-23-2024"]
[Site "Chess.com"]
[Date "2024.01.23"]
[Round "3"]
[White "FoxOnTheRun97"]
[Black "MaxLeto"]
[Result "1-0"]
[WhiteElo "2614"]
[BlackElo "2299"]
[TimeControl "180+1"]
[EndTime "8:27:39 PST"]
[Termination "FoxOnTheRun97 won by resignation"]

1. d4 h5 2. e4 h4 3. h3 d6 4. Nf3 Nc6 5. Bc4 e6 6. c3 Be7 7. b4 Nf6 8. Nbd2 d5 9. Bd3 dxe4 10.
Nxe4 Nxe4 11. Bxe4 Bf6 12. Bxc6+ bxc6 13. Bf4 Ba6 14.
Qa4 Bb5 15. Qb3 a5 16. c4 Ba6 17. O-O axb4 18. Qxb4 Be7 19. Qa4 O-O 20. Qxc6 Bd6 21. Qe4 Bxc4 22. Bxd6 cxd6 23. Rfc1 Bd5 24. Qf4 Ra4 25.
a3 Qf6 26. Qxf6 gxf6 27. Nxh4 Rxd4 28. Nf3 Bxf3 29. gxf3 Ra8 30. Rc3 Rda4 31. Kg2 d5 32.
Kf1 f5 33. Rb3 Kg7 34. Ke2 Kf6 35. Ke3 Rh8 36. Rb4 Ra5 37. a4 Rxh3 38. Rb5 Ke5 39. Rxa5 f4+ 40. Ke2 f5 41. Rb5 Rh8 42. a5 Rc8 43. Rb2 Ra8 44. a6 d4 45. a7 Kd5 46.
Rb8 d3+ 47. Kxd3 e5 48. Rxa8 e4+ 49. fxe4+ fxe4+ 50. Ke2 f3+ 51. Ke3 Kc4 52. Rc8+ Kb3 53.
a8=Q 1-0